 Dungeon Crawl Stone Soup version 0.30-a0-996-ga6910c8ee8 (webtiles) character file.

Game seed: 13921092734338108542

5257 Newt the Markskobold (level 10, -2/57 HPs)
             Began as a Kobold Hunter on Apr 4, 2023.
             Was a Follower of Hepliaklqana.
             Slain by a yak (15 damage)
             ... on level 9 of the Dungeon.
             The game lasted 00:07:37 (10004 turns).

Newt the Markskobold (Kobold Hunter)               Turns: 10004, Time: 00:07:38

Health: -2/57      AC:  6    Str:  7    XL:     10   Next: 93%
Magic:  10/10      EV: 24    Int: 13    God:    Hepliaklqana [*.....]
Gold:   491        SH:  0    Dex: 33    Spells: 9/9 levels left

rFire   + . .      SeeInvis .    y - +1 arbalest of the Lurker {heavy, Int+3}
rCold   . . .      Faith    .    (shield currently unavailable)
rNeg    . . .      Spirit   .    B - +1 leather armour {rPois}
rPois   +          Reflect  .    g - +2 hat
rElec   .          Rampage  .    (no cloak)
rCorr   .          Clarity  +    (no gloves)
Will    .....                    (no boots)
Stlth   ++++                     (no amulet)
HPRegen 0.29/turn                x - +6 ring of dexterity
MPRegen 0.12/turn                t - ring of protection from fire

@: no status effects
A: reduced essence, small, no large weapons, nightstalker 3, agile 1, clarity
a: Renounce Religion, Recall Ancestor, Ancestor Identity


You were on level 9 of the Dungeon.
You worshipped Hepliaklqana.
Hepliaklqana was aware of your devotion.
You visited 2 branches of the dungeon, and saw 10 of its levels.

You collected 690 gold pieces.
You spent 199 gold pieces at shops.

Inventory:

Hand Weapons
 a - a +1 shortbow
 y - the +1 arbalest of the Lurker (weapon) {heavy, Int+3}
   (You bought it in a shop on level 7 of the Dungeon)

   Int:       It affects your intelligence (+3).
Armour
 c - a +0 leather armour
 g - a +2 hat (worn)
 B - a +1 leather armour of poison resistance (worn)
 G - a +1 hat
Jewellery
 f - a ring of magical power
 t - a ring of protection from fire (right hand)
 u - a ring of magical power
 w - a +6 ring of strength
 x - a +6 ring of dexterity (left hand)
 A - a ring of positive energy
 F - a ring of poison resistance
Wands
 s - a wand of flame (16)
 E - a wand of iceblast (4)
 H - a wand of charming (3)
Scrolls
 b - a scroll of immolation
 d - 4 scrolls of teleportation
 h - a scroll of noise
 k - a scroll of amnesia
 v - 3 scrolls of poison
 C - a scroll of enchant weapon
 I - a scroll of identify
Potions
 e - 6 potions of curing
 i - a potion of invisibility
 j - 2 potions of cancellation
 l - 5 potions of brilliance
 m - a potion of resistance
 n - a potion of degeneration
 o - a potion of berserk rage
 p - a potion of might {unknown}
 q - 2 potions of heal wounds
 r - a potion of flight {unknown}
 z - a potion of attraction {unknown}
 D - 2 potions of haste {unknown}


   Skills:
 - Level 8.0 Fighting
 - Level 16.0 Ranged Weapons
 + Level 8.7 Dodging
 - Level 1.3 Stealth


You had 9 spell levels left.
You didn't know any spells.
Your spell library contained the following spells:

 Spells                   Type           Power      Damage    Failure   Level
 Apportation              Tloc           0%         N/A       43%         1
 Beastly Appendage        Tmut           0%         N/A       43%         1
 Necrotise                Necr           0%         1d4       43%         1
 Summon Small Mammal      Summ           0%         N/A       43%         1
 Ensorcelled Hibernation  Hex/Ice        0%         N/A       56%         2
 Wereblood                Tmut           0%         N/A       56%         2
 Mephitic Cloud           Conj/Pois/Air  0%         N/A       80%         3
 Spider Form              Tmut/Pois      0%         N/A       80%         3
 Anguish                  Hex/Necr       0%         N/A       99%         4
 Cause Fear               Hex            0%         N/A       99%         4
 Conjure Ball Lightning   Conj/Air       0%         3x3d6     100%        6
 Plasma Beam              Fire/Air       0%         2x1d11    100%        6


Dungeon Overview and Level Annotations

Branches:
Dungeon (9/15)             Temple (1/1) D:7
   Lair: D:8-11         Orc: D:9-12

Altars:
Ashenzari
Cheibriados
Dithmenos
Elyvilon
Fedhas
Gozag
Hepliaklqana
Kikubaaqudgha
Makhleb
Nemelex Xobeh
Okawaru
Qazlal
Ru
Sif Muna
Trog
Uskayaw
Vehumet
Wu Jian
Xom
Yredelemnul
Zin
The Shining One

Shops:
D:7 (


Innate Abilities, Weirdness & Mutations

Your life essence is reduced to manifest your ancestor. (-10% HP)
You are small and have problems with some larger weapons.
You are completely attuned to the shadows.
You are agile. (Dex +4, Str/Int -1)
You possess an exceptional clarity of mind.


Message History

You swap places.
The yak barely misses your butterfly.
The yak gores Shatamurrim.
The yak gores your butterfly!
Your butterfly dies!
Your butterfly disappears in a burst of colours!
Shatamurrim barely misses the yak.
You swap places.
Your butterfly disappears in a burst of colours! x2
The yak gores your butterfly!
Your butterfly dies!
Your butterfly disappears in a burst of colours!
The yak gores Shatamurrim!
Shatamurrim hits the yak but does no damage.
You shoot a bolt. Shatamurrim avoids your attack.
The bolt completely misses the yak.
The yak gores Shatamurrim!
The yak barely misses Shatamurrim.
Shatamurrim hits the yak.
The yak barely misses Shatamurrim.
The yak gores Shatamurrim!
Shatamurrim is destroyed!
Unknown command.
You shoot a bolt. The bolt barely misses the yak.
The bolt hits the yak!!
The yak is severely wounded.
Unknown command.
You shoot a bolt. The bolt hits the yak!!!
You kill the yak!
The yak completely misses you. The yak misses you.
You shoot a bolt. The bolt closely misses the yak.
The yak gores you! x2
Unknown command.
You are too injured to fight recklessly!
You are too injured to fight recklessly!
You are too injured to fight recklessly!
Unknown command.
You shoot a bolt. The bolt hits the yak.
The yak is severely wounded.
The yak closely misses you. The yak gores you!
* * * LOW HITPOINT WARNING * * *
The yak completely misses you. The yak misses you.
Unknown command.
You shoot a bolt. The bolt barely misses the yak.
The yak gores you but does no damage. The yak misses you. x2
The yak gores you!
You die...

#.................
#.................
###bbb..............
.bbbb..........)....
.b...#########......
###..# #..#### #..#
#..# #..# #..# #@b#
#..# #YY# #..# #(.#
#..# #†.# #..####
......# ###......
........ .........
......... .......##
######### ######.#
#>#


You could see 2 yaks.

Vanquished Creatures
  Sigmund (D:4)
  9 yaks
  A wyvern (D:9)
  Eustachio (D:6)
  2 steam dragons (D:9)
  Menkaure (D:6)
  A water moccasin (D:8)
  2 sky beasts
  A black bear (D:6)
  An ice beast (D:5)
  An orc warrior (D:7)
  2 centaurs (D:9)
  3 kobold brigands
  2 phantoms (D:5)
  3 gnoll sergeants
  4 bullfrogs
  2 scorpions
  3 wights (D:9)
  3 howler monkeys
  A crimson imp (D:8)
  3 hounds
  2 jellies (D:4)
  6 orc priests
  2 iguanas (D:6)
  4 sleepcaps
  2 gnoll boudas
  Natasha (thrice) (D:2)
  7 orc wizards
  6 adders
  22 gnolls
  A worm (D:2)
  2 dart slugs
  30 orcs
  7 ball pythons
  2 bats
  3 endoplasms
  5 giant cockroaches
  2 hobgoblins
  4 jackals (D:1)
  9 kobolds
  6 quokkas
  A frilled lizard (D:1)
  4 goblins
  6 rats
183 creatures vanquished.

Vanquished Creatures (others)
  3 ancestors
  2 withered plants (D:9)
5 creatures vanquished.

Grand Total: 188 creatures vanquished

Notes
Turn   | Place    | Note
-------+----------+-------------------------------------------
     0 | D:1      | Newt the Kobold Hunter began the quest for the Orb.
     0 | D:1      | Reached XP level 1. HP: 12/12 MP: 1/1
   106 | D:1      | Reached XP level 2. HP: 18/18 MP: 2/2
   393 | D:1      | Reached XP level 3. HP: 23/23 MP: 3/3
   939 | D:2      | Found a faded altar of an unknown god.
  1352 | D:2      | Noticed Natasha
  1358 | D:2      | Killed Natasha
  1359 | D:2      | Reached XP level 4. HP: 21/30 MP: 4/4
  1708 | D:2      | Noticed Natasha
  1711 | D:2      | Killed Natasha
  1712 | D:2      | Reached skill level 5 in Fighting
  1759 | D:2      | Noticed Natasha
  1761 | D:2      | Killed Natasha
  1762 | D:2      | Reached skill level 6 in Ranged Weapons
  1762 | D:2      | Reached XP level 5. HP: 35/35 MP: 5/5
  1896 | D:3      | Reached skill level 7 in Ranged Weapons
  1896 | D:3      | Reached XP level 6. HP: 24/40 MP: 6/6
  2045 | D:3      | Gained mutation: You are somewhat resistant to further
                  | mutation. [potion of mutation]
  2046 | D:3      | Lost mutation: You are somewhat resistant to further
                  | mutation. [potion of mutation]
  2046 | D:3      | Gained mutation: You are somewhat resistant to further
                  | mutation. [potion of mutation]
  2047 | D:3      | Lost mutation: You are somewhat resistant to further
                  | mutation. [potion of mutation]
  2047 | D:3      | Gained mutation: You possess an exceptional clarity of
                  | mind. [potion of mutation]
  2047 | D:3      | Gained mutation: You are agile. (Dex +4, Str/Int -1)
                  | [potion of mutation]
  2532 | D:4      | Reached skill level 8 in Ranged Weapons
  2569 | D:4      | HP: 2/40 [orc/+0 hand axe (2)]
  2758 | D:4      | Reached XP level 7. HP: 25/44 MP: 7/7
  2765 | D:4      | Reached skill level 9 in Ranged Weapons
  3033 | D:5      | Entered Level 5 of the Dungeon
  3480 | D:4      | Noticed Sigmund
  3487 | D:4      | Killed Sigmund
  3488 | D:4      | Reached skill level 10 in Ranged Weapons
  3560 | D:5      | Reached XP level 8. HP: 39/49 MP: 8/8
  3669 | D:5      | Got the Elucidation of Breezy Glamour
  3852 | D:5      | Reached skill level 5 in Dodging
  3946 | D:5      | Found a shimmering altar of Xom.
  4319 | D:5      | Found a sacrificial altar of Ru.
  4575 | D:5      | Found an ornate altar of the Wu Jian Council.
  4983 | D:6      | Noticed Menkaure
  5378 | D:6      | Killed Menkaure
  5513 | D:6      | Noticed Eustachio
  5522 | D:6      | Killed Eustachio
  5724 | D:6      | Reached XP level 9. HP: 17/58 MP: 9/9
  6111 | D:6      | Reached skill level 11 in Ranged Weapons
  6826 | D:7      | Reached skill level 12 in Ranged Weapons
  6931 | D:7      | Found a staircase to the Ecumenical Temple.
  7014 | D:7      | HP: 1/59 [yak (16)]
  7020 | D:7      | Reached skill level 13 in Ranged Weapons
  7284 | Temple   | Entered the Ecumenical Temple
  7453 | Temple   | Became a worshipper of Hepliaklqana the Forgotten
  7587 | D:7      | Reached XP level 10. HP: 36/64 MP: 10/10
  7798 | D:7      | Found a glowing silver altar of Zin.
  7890 | D:7      | Found a white marble altar of Elyvilon.
  8002 | D:7      | Found Tipper's Antique Weapon Shoppe.
  8012 | D:7      | Reached skill level 14 in Ranged Weapons
  8437 | D:7      | Bought a scorched arbalest for 199 gold pieces
  8437 | D:7      | Identified the +1 arbalest of the Lurker {heavy, Int+3}
                  | (You bought it in a shop on level 7 of the Dungeon)
  8453 | D:7      | Found a blossoming altar of Fedhas.
  8541 | D:7      | Found a bloodstained altar of Trog.
  9051 | D:8      | Reached * piety under Hepliaklqana
  9137 | D:8      | Reached skill level 15 in Ranged Weapons
  9387 | D:8      | Found a burning altar of Makhleb.
  9387 | D:8      | Found a radiant altar of Vehumet.
  9529 | D:9      | Reached skill level 16 in Ranged Weapons
  9703 | D:9      | Found an ancient bone altar of Kikubaaqudgha.
 10004 | D:9      | Slain by a yak

Illustrated notes

Levels and vault maps discovered:
D:1:      lemuel_arrival_behind_the_door_large, layout_loops_ring
D:2:      layout_loops_ring, hellmonk_ecumenical_altar_leap_of_faith,
          uniq_natasha
D:3:      layout_rooms
D:4:      layout_basic, serial_corexii_hall, corexii_hall_statues_x,
          corexii_hall_statues_l, corexii_hall_statues_i, uniq_sigmund
D:5:      layout_layer_cave, amcnicky_altar_gilded, nzn_wu_jian_council_hall,
          mainiacjoe_overflow_alcove_2
D:6:      layout_gridville, uniq_eustachio, uniq_menkaure
D:7:      layout_basic, mainiacjoe_overflow_six_doors_small,
          mainiacjoe_overflow_catwalk, fedhas_altar_2, trog_book, temple_hall,
          serial_shops, shop
D:8:      layout_cave_pools, grunt_temple_overflow_lords_of_destruction,
          dreamdust_wishing_well
D:9:      layout_long_grid, kiku_gazebo_garden_becter
Temple:   hellmonk_temple_forest_ring

Skill      XL: |  1  2  3  4  5  6  7  8  9 10 |
---------------+-------------------------------+-----
Fighting       | 3 4 5 7 8 |  8.0
Ranged Weapons | 6 7 8 10 13 16 | 16.0
Dodging        | 4 6 8 |  8.7
Stealth        | |  1.3

Action                     |  1- 3 |  4- 6 |  7- 9 | 10-12 || total
---------------------------+-------+-------+-------+-------++-------
   Fire: Shortbow          |    83 |   110 |   273 |    46 ||   512
         Arbalest          |       |       |       |    71 ||    71
    Use: Scroll            |     3 |     4 |     7 |     2 ||    16
         Potion            |       |     5 |     3 |       ||     8
 Armour: Leather armour    |     1 |    12 |    28 |     7 ||    48
  Dodge: Dodged            |    26 |    62 |   152 |    92 ||   332

Table legend: (Time is in decaauts)
 A = Elapsed time spent in this place.
 B = Non-inter-level travel time spent in this place.
 C = Inter-level travel time spent in this place.
 D = Time resting spent in this place.
 E = Time spent auto-exploring this place.
 F = Levels seen in this place.
 G = Mean time per level.
                   A        B        C        D        E       F      G
               +--------+--------+--------+--------+--------+-----+--------+
         Total |  10103 |   9843 |    260 |   2010 |   6728 |  10 | 1010.3 |
       Dungeon |   9924 |   9690 |    234 |   2010 |   6586 |   9 | 1102.7 |
        Temple |    178 |    153 |     25 |      0 |    142 |   1 |  178.0 |
               +--------+--------+--------+--------+--------+-----+--------+

Top non-repeatable levels by time:
     D:5: 2198 daAuts
     D:7: 1938 daAuts
     D:6: 1399 daAuts
     D:2: 980 daAuts
     D:1: 834 daAuts
     D:4: 720 daAuts
     D:3: 666 daAuts
     D:8: 639 daAuts
     D:9: 547 daAuts
  Temple: 178 daAuts
